Map: Abyssal Reef LE

Players

Seppe

  • Race: Terran Terran
  • Spawn Location: 11:00

A.I. 1 (Elite)

  • Race: Protoss Protoss
  • Spawn Location: 5:00

VOD

Have the link to the VOD?

Description

Time

  • Played on: Jan. 24, 2017, 8:27 p.m.
  • Length: 9:04
Show
View Real Time Build Order
Export as new Build Order

Seppe Terran 

Build Orders:  

Get SALT Encoding   

  1  0:00  Orbital Command, SCV x12  
    0:08  SCV  
  13  0:20  SCV  
  14  0:25  Supply Depot  
  14  0:33  SCV  
  15  0:47  SCV  
  15  0:48  Barracks  
  16  0:59  SCV  
  16  1:04  Barracks  
  18  1:11  SCV  
  18  1:23  SCV  
  19  1:35  Orbital Command  
  19  1:36  Marine  
  20  1:45  Supply Depot  
  20  1:51  Marine  
  21  1:54  Marine  
  22  2:01  SCV  
  23  2:10  Marine  
  23  2:12  Marine  
  25  2:16  Command Center  
  25  2:18  SCV  
  26  2:27  Supply Depot  
  26  2:33  SCV  
  26  2:35  Marine x2  
  29  2:45  SCV  
  30  2:52  Barracks  
  30  2:53  Marine x2  
  30  2:57  SCV  
  33  3:09  Supply Depot  
  33  3:11  SCV  
  34  3:13  Marine x2, Refinery  
  34  3:14  Refinery  
  36  3:23  SCV  
  37  3:33  Marine  
  37  3:34  Marine  
  39  3:36  SCV  
  39  3:38  Orbital Command  
  40  3:48  Barracks Tech Lab  
  40  3:55  Marine x2  
  41  3:56  SCV  
  43  4:09  SCV x2  
  45  4:14  Stimpack, Marine  
  45  4:15  Marine x2  
  48  4:20  Engineering Bay  
  48  4:26  Engineering Bay  
  48  4:28  SCV x2  
  50  4:32  Marine x2  
  50  4:33  Marine  
  53  4:40  Supply Depot  
  53  4:43  SCV x2  
  55  4:48  Factory  
  55  4:50  Marine  
  56  4:53  Refinery  
  56  4:55  Marine x2  
  56  4:57  Terran Infantry Weapons Level 1, Terran Infantry Armor Level 1  
  59  5:00  SCV x2  
  59  5:03  Supply Depot  
  60  5:08  Marine  
  60  5:13  SCV x2, Marine x2  
  65  5:23  Supply Depot  
  65  5:26  Marine  
  65  5:27  SCV x2  
  68  5:30  Marine  
  68  5:31  Marine  
  68  5:35  Factory Reactor  
  70  5:37  Starport  
  70  5:39  SCV x2  
  70  5:41  Supply Depot  
  72  5:43  Marine  
  72  5:48  Marine x2  
  75  5:51  SCV x2  
  75  5:52  Supply Depot  
  75  5:55  Armory  
  77  6:01  Marine  
  77  6:03  SCV x2  
  80  6:06  Marine x2  
  80  6:09  Supply Depot  
  82  6:18  Factory Tech Lab  
  82  6:19  Supply Depot  
  82  6:21  Medivac  
  82  6:22  Medivac  
  82  6:23  Marine  
  82  6:24  Marine x2  
  90  6:25  SCV x2  
  90  6:30  Refinery  
  91  6:36  Supply Depot  
  91  6:37  SCV  
  91  6:38  SCV  
  93  6:43  Supply Depot  
  93  6:46  Siege Tank  
  96  6:47  Barracks Reactor  
  95  6:54  Medivac  
  95  6:55  Barracks Reactor, Supply Depot  
  97  7:06  Command Center  
  97  7:07  Medivac  
  99  7:08  Marine  
  99  7:13  Supply Depot  
  100  7:26  Marine x2  
  100  7:27  Marine  
  100  7:29  Medivac  
  105  7:35  Supply Depot  
  105  7:37  Supply Depot  
  105  7:40  Medivac  
  105  7:43  Marine x2  
  105  7:44  Marine x2  
  109  7:45  Marine  
  112  8:01  Siege Tank, Marine x4  
  112  8:03  Marine  
  118  8:19  Medivac x2, Marine x3  
  121  8:20  Marine  
  121  8:21  Marine  
  123  8:36  Supply Depot  
  123  8:38  Supply Depot  
  123  8:39  Supply Depot  
  126  8:41  Marine x2  
  126  8:42  Marine x3  
  131  8:51  SCV x2  
Show
View Real Time Build Order
Export as new Build Order

A.I. 1 (Elite) Protoss 

Build Orders: Zealot Archon 

Get SALT Encoding   

  1  0:00  Probe x12 (Chrono Boost)  
    0:08  Unknown  
    0:10  Probe (Chrono Boost)  
  13  0:21  Probe (Chrono Boost)  
  14  0:28  Pylon  
  14  0:31  Probe (Chrono Boost)  
  15  0:46  Probe (Chrono Boost)  
  16  0:57  Probe (Chrono Boost)  
  17  1:07  Probe (Chrono Boost)  
  18  1:13  Nexus  
  18  1:23  Gateway  
  18  1:26  Assimilator  
  18  1:35  Probe (Chrono Boost)  
  18  1:36  Pylon  
  19  1:46  Probe (Chrono Boost)  
  20  1:56  Probe (Chrono Boost)  
  21  2:08  Zealot  
  21  2:12  Gateway  
  21  2:14  Probe (Chrono Boost)  
  21  2:15  Cybernetics Core  
  24  2:23  Pylon  
  24  2:25  Probe (Chrono Boost)  
  25  2:32  Zealot  
  25  2:35  Probe (Chrono Boost)  
  28  2:41  Probe (Chrono Boost)  
  28  2:43  Warp Gate  
  29  2:46  Assimilator  
  29  2:49  Probe (Chrono Boost)  
  30  2:57  Adept  
  30  2:59  Adept  
  35  3:07  Probe (Chrono Boost)  
  35  3:12  Pylon  
  35  3:22  Stalker  
  35  3:23  Probe (Chrono Boost)  
  38  3:29  Stalker  
  41  3:35  Probe (Chrono Boost)  
  41  3:45  Gateway  
  41  3:48  Probe (Chrono Boost)  
  42  3:52  Stalker  
  44  3:58  Probe (Chrono Boost)  
  45  4:04  Stalker  
  45  4:09  Probe (Chrono Boost)  
  48  4:13  Probe (Chrono Boost)  
  49  4:21  Probe (Chrono Boost)  
  49  4:23  Stalker  
  51  4:25  Probe (Chrono Boost)  
  53  4:32  Stalker  
  53  4:36  Probe (Chrono Boost)  
  57  4:38  Probe (Chrono Boost)  
  57  4:47  Probe (Chrono Boost)  
  57  4:50  Probe (Chrono Boost), Stalker  
  61  4:59  Probe (Chrono Boost)  
  62  5:00  Pylon  
  62  5:08  Pylon  
  62  5:18  Probe x2 (Chrono Boost)  
  62  5:19  Stalker  
  66  5:25  Stalker  
  68  5:30  Probe (Chrono Boost)  
  68  5:32  Stalker  
  72  5:36  Probe (Chrono Boost)  
  72  5:41  Probe (Chrono Boost)  
  73  5:44  Pylon  
  73  5:52  Twilight Council  
  73  6:04  Sentry  
  75  6:13  Pylon  
  75  6:19  Zealot  
  77  6:32  Sentry  
  79  6:38  Templar Archives  
  79  7:13  Pylon  
  79  7:14  High Templar x2  
  83  7:21  Archon  
  83  7:22  High Templar  
  85  7:42  Pylon  
  85  7:46  High Templar  
  85  7:47  Pylon  
  85  7:50  Archon  
  87  8:04  Zealot x2  
  91  8:08  Pylon  
  91  8:11  Pylon  
  69  8:15  Zealot  
  47  8:22  Zealot  
  47  8:23  Zealot  
  47  8:25  Pylon, Zealot  
  49  8:27  Zealot  
  49  8:34  Zealot  
  45  8:46  Zealot  
  45  8:54  Zealot  
Tags
 
Composition
Zealot Archon
Matchup
PvT
Spawn Locations
Cross Positions
Add a new tag
Caveats
  • Supply blocks, unpowered buildings, or Contaminate may cause inaccurate times.
  • Supply counts are checked every 10 seconds.